 Dungeon Crawl Stone Soup version 0.30-a0-782-ge64f9170bb (webtiles) character file.

Game seed: 1641693190052663425

46 mopl the Vexing (level 3, -3/19 HPs)
             Began as a Deep Elf Enchanter on Mar 14, 2023.
             Slain by a goblin
             ... wielding a +0 club
             ... led by Robin
              (5 damage)
             ... on level 2 of the Dungeon.
             The game lasted 00:02:03 (1183 turns).

mopl the Vexing (Deep Elf Enchanter)                Turns: 1183, Time: 00:02:04

Health: -3/19      AC:  2    Str:  5    XL:     3   Next: 46%
Magic:  2/10       EV: 12    Int: 21    God:
Gold:   35         SH:  0    Dex: 15    Spells: 4/9 levels left

rFire   . . .      SeeInvis .    a - +1 dagger
rCold   . . .      Faith    .    (no shield)
rNeg    . . .      Spirit   .    b - +0 robe
rPois   .          Reflect  .    (no helmet)
rElec   .          Harm     .    (no cloak)
rCorr   .          Rampage  .    (no gloves)
Will    .....                    (no boots)
Stlth   +++                      (no amulet)
HPRegen 0.23/turn                (no ring)
MPRegen 0.12/turn                (no ring)

@: very slightly contaminated, invisible
A: no striking features
a: no special abilities


You were on level 2 of the Dungeon.
You visited 1 branch of the dungeon, and saw 2 of its levels.

You collected 35 gold pieces.

Inventory:

Hand Weapons
 a - a +1 dagger (weapon)
Armour
 b - a +0 robe (worn)
Jewellery
 d - a ring of resist corrosion
 h - a +6 ring of strength
Wands
 i - a wand of polymorph (10)
Scrolls
 e - 2 scrolls of identify {unknown}
 f - a scroll of summoning {unknown}
 g - a scroll of enchant armour {unknown}
 k - 2 scrolls of fog {unknown}
 m - a scroll of fear {unknown}
Potions
 c - a potion of invisibility
 j - a potion of curing {unknown}
 l - a potion of resistance {unknown}


   Skills:
 + Level 1.8 Short Blades
 - Level 2.4 Dodging
 + Level 4.2 Stealth
 + Level 3.7 Spellcasting
 + Level 4.6 Hexes


You had 4 spell levels left.
You knew the following spells:

 Your Spells              Type           Power      Damage    Failure   Level
a - Confusing Touch       Hex            23%        N/A       5%          3
b - Ensorcelled Hibernat  Hex/Ice        26%        N/A       8%          2

Your spell library contained the following spells:

 Spells                   Type           Power      Damage    Failure   Level
 Tukima's Dance           Hex            23%        N/A       5%          3
 Apportation              Tloc           6%         N/A       12%         1
 Necrotise                Necr           12%        1d4       12%         1
 Summon Small Mammal      Summ           12%        N/A       12%         1
 Dazzling Flash           Conj/Hex       26%        N/A       14%         3


Dungeon Overview and Level Annotations

Branches:
Dungeon (2/15)

Altars:

Annotations:
D:2 Robin


Message History

The goblin looks drowsy...
The helpless goblin fails to defend itself.
You impale the goblin!!
You kill the goblin!
You miscast Ensorcelled Hibernation.
Nothing appears to happen.
The hobgoblin hits you.
You hit the hobgoblin.
The hobgoblin is heavily wounded.
Robin throws the goblin at you!
The goblin shouts!
The goblin closely misses you. The hobgoblin hits you.
Casting: Ensorcelled Hibernation (safe; 8% risk of failure)
Confirm with . or Enter, or press ? or * to list all spells.
The spell is quite dangerous to miscast (5% risk of failure)!
Continue anyway?
Okay, then.
Casting: Confusing Touch (quite dangerous; 5% risk of failure)
Confirm with . or Enter, or press ? or * to list all spells.
The spell is quite dangerous to miscast (5% risk of failure)!
Continue anyway? [Y]es or [N]o only, please.
The spell is quite dangerous to miscast (5% risk of failure)!
Continue anyway?
Okay, then.
Unknown command.
Casting: Confusing Touch (quite dangerous; 5% risk of failure)
Confirm with . or Enter, or press ? or * to list all spells.
Aiming: Ensorcelled Hibernation (safe; 8% risk of failure)
Press: ? - help, Shift-Dir - straight line, f - goblin, p - hobgoblin
Aim: a goblin, wielding a +0 club (chance to affect: 64%)
The goblin struggles to resist.
Robin roars a battlecry!
The goblins go into a battle-frenzy!
The hobgoblin hits you.
* * * LOW HITPOINT WARNING * * *
Unknown command.
You miss the goblin. The goblin closely misses you. The hobgoblin misses you.
Okay, then.
You fade into invisibility!
Robin roars a battlecry!
The goblin goes into a battle-frenzy!
The goblin hits you with a +0 club.
You die...

##..######.....#
##.# ####### #.#
#.# #.######
########
#......#
#..g.gg#
######.#
#.##..g.gg
#.###g##.#g###
#.g@gg.g.# #
#####g#### #.#
#.. ####


You could see Robin (unable to see you), 2 hobgoblins and 3 goblins.

Vanquished Creatures
  2 dart slugs (D:1)
  6 bats
  2 endoplasms (D:1)
  2 giant cockroaches (D:1)
  8 goblins (D:2)
  5 hobgoblins (D:2)
  A jackal (D:2)
  3 quokkas
  2 ball pythons
  4 frilled lizards (D:1)
  2 kobolds (D:1)
  A rat (D:1)
38 creatures vanquished.

Notes
Turn   | Place    | Note
-------+----------+-------------------------------------------
     0 | D:1      | mopl the Deep Elf Enchanter began the quest for the Orb.
     0 | D:1      | Reached XP level 1. HP: 10/10 MP: 6/6
   419 | D:1      | Reached XP level 2. HP: 15/15 MP: 8/8
   426 | D:1      | Learned a level 2 spell: Ensorcelled Hibernation
   722 | D:1      | Reached skill level 4 in Stealth
   930 | D:2      | Reached XP level 3. HP: 13/19 MP: 7/10
   934 | D:2      | Learned a level 3 spell: Confusing Touch
  1142 | D:2      | Noticed Robin
  1183 | D:2      | Slain by a goblin

Illustrated notes

Levels and vault maps discovered:
D:1:      dpeg_arrival_rooms_c, layout_basic
D:2:      layout_loops_cross, minmay_quadrilaterals, uniq_robin

Skill      XL: |  1  2 |
---------------+-------+-----
Stealth        | 4 |  4.2
Short Blades   | |  1.8
Dodging        | |  2.4
Spellcasting   | |  3.7
Hexes          | |  4.6

Action                     || total
---------------------------++-------
  Melee: Dagger            ||   113
   Cast: Ensorcelled Hiber ||    10
    Use: Potion            ||     1
   Stab: Sleeping          ||    17
 Armour: Robe              ||    16
  Dodge: Dodged            ||    70

Table legend: (Time is in decaauts)
 A = Elapsed time spent in this place.
 B = Non-inter-level travel time spent in this place.
 C = Inter-level travel time spent in this place.
 D = Time resting spent in this place.
 E = Time spent auto-exploring this place.
 F = Levels seen in this place.
 G = Mean time per level.
                   A        B        C        D        E       F      G
               +--------+--------+--------+--------+--------+-----+--------+
         Total |   1173 |   1150 |     23 |     61 |    815 |   2 |  586.5 |
       Dungeon |   1173 |   1150 |     23 |     61 |    815 |   2 |  586.5 |
               +--------+--------+--------+--------+--------+-----+--------+

Top non-repeatable levels by time:
     D:1: 901 daAuts
     D:2: 271 daAuts
